 Dungeon Crawl Stone Soup version 0.27-a0-1331-g60ef6b6952 (webtiles) character file.

Game seed: 14324626147049016840

1852 HAL9000 the Covert (level 9, 0/42 HPs)
             Began as a Vine Stalker Brigand on June 25, 2021.
             Was a Follower of Dithmenos.
             Engulfed by a steam dragon's steam (5 damage)
             ... on level 8 of the Dungeon.
             The game lasted 00:12:18 (5354 turns).

HAL9000 the Covert (Vine Stalker Brigand)           Turns: 5354, Time: 00:12:19

Health: 0/42       AC:  8    Str: 15    XL:     9   Next: 12%
Magic:  0/10       EV: 26    Int: 12    God:    Dithmenos [*.....]
Gold:   300        SH:  0    Dex: 17    Spells: 8/8 levels left

rFire    . . .     SeeInvis .   y - +3 dagger
rCold    + . .     Faith    .   (no shield)
rNeg     . . .     Spirit   +   b - +2 leather armour {Will+}
rPois    .         Reflect  .   h - +0 helmet
rElec    .         Harm     .   c - +0 cloak
rCorr    .         Rampage  .   l - +0 pair of gloves
Will     ++...                  (no boots)
Stlth    +++++.....             C - amulet of the acrobat
HPRegen  1.14/turn              i - ring of protection from cold
MPRegen  0.12/turn              (no ring)

@: acrobatic, wreathed by umbra
A: fangs 3, regeneration 1, magic shield, antimagic bite, no potion heal 2
a: Renounce Religion


You were on level 8 of the Dungeon.
You worshipped Dithmenos.
Dithmenos was aware of your devotion.
You visited 1 branch of the dungeon, and saw 7 of its levels.

You collected 300 gold pieces.

Inventory:

Hand Weapons
 a - a +2 dagger
 f - a +1 short sword of venom
 y - a +3 dagger (weapon)
Missiles
 d - 6 poisoned darts (quivered)
 e - a curare-tipped dart
 m - 9 atropa-tipped darts
 p - 4 silver javelins
 w - 12 boomerangs
Armour
 b - a +2 leather armour of willpower (worn)
 c - a +0 cloak (worn)
 h - a +0 helmet (worn)
 l - a +0 pair of gloves (worn)
 z - a +1 robe of fire resistance
Jewellery
 i - a ring of protection from cold (left hand)
 C - an amulet of the acrobat (around neck)
Wands
 v - a wand of charming (4)
 E - a wand of mindburst (8)
Scrolls
 o - 3 scrolls of identify
 r - 2 scrolls of enchant armour {unknown}
 t - a scroll of holy word
Potions
 g - 3 potions of curing
 j - a potion of resistance
 k - 3 potions of attraction
 n - 2 potions of cancellation {unknown}
 q - 4 potions of flight
 s - 3 potions of might
 u - a potion of haste {unknown}
 B - a potion of lignification {unknown}


   Skills:
 - Level 1.7 Fighting
 + Level 9.2 Short Blades
 - Level 1.7 Throwing
 - Level 0.7 Dodging
 - Level 9.2 Stealth


You had 8 spell levels left.
You didn't know any spells.
Your spell library contained the following spells:

 Spells                   Type           Power      Damage    Failure   Level
 Animate Skeleton         Necr           0%         N/A       38%         1
 Corona                   Hex            0%         N/A       38%         1
 Pain                     Necr           0%         1d4       38%         1
 Ensorcelled Hibernation  Hex/Ice        0%         N/A       52%         2
 Confusing Touch          Hex            0%         N/A       77%         3
 Dazzling Flash           Conj/Hex       0%         N/A       77%         3
 Tukima's Dance           Hex            0%         N/A       77%         3
 Vampiric Draining        Necr           0%         2d6       77%         3
 Animate Dead             Necr           0%         N/A       99%         4
 Agony                    Necr           0%         N/A       100%        5


Dungeon Overview and Level Annotations

Branches:
Dungeon (6/15)             Temple (0/1) D:4

Altars:
Ashenzari
Cheibriados
Dithmenos
Elyvilon
Fedhas
Kikubaaqudgha
Sif Muna
Wu Jian

Shops:
D:2 !   D:3 [   D:5 (


Innate Abilities, Weirdness & Mutations

You have razor-sharp teeth.
Your natural rate of healing is unusually fast.
When hurt, damage is shared between your health and your magic reserves.
Your bite disrupts and absorbs the magic of your enemies.
Potions cannot restore your health.


Message History

The centaur zombie is heavily damaged.
The steam dragon breathes steam at you. The ball of steam hits you!
The centaur zombie barely misses you. The centaur zombie misses you.
You hit the centaur zombie but do no damage.
You bite the centaur zombie. You drain its power.
You feel invigorated.
The centaur zombie is severely damaged.
You are engulfed in a cloud of scalding steam.
You hit the centaur zombie. You bite the centaur zombie.
You destroy the centaur zombie!
Dithmenos accepts your kill.
No reachable target in view!
Throw: 7 darts (poison)
Press: ? - help, Q - select action, (/) - cycle Shift-Dir - straight line, f - steam dragon
Aim: a steam dragon (steam, 59% to hit)
You throw a poisoned dart.
The poisoned dart hits the steam dragon.
The steam dragon is poisoned.
You closely miss the steam dragon.
The steam dragon is lightly wounded.
You completely miss the steam dragon.
The steam dragon is lightly wounded.
The steam dragon breathes steam at you. The ball of steam hits you!!
You hit the steam dragon but do no damage.
The steam dragon is lightly wounded.
You are engulfed in a cloud of scalding steam.
You hit the steam dragon.
You bite the steam dragon, but do no damage.
The steam dragon is lightly wounded.
You are engulfed in a cloud of scalding steam.
The steam dragon breathes steam at you. The ball of steam hits you!
* * * LOW HITPOINT WARNING * * *
You are engulfed in a cloud of scalding steam.
* * * LOW HITPOINT WARNING * * *
There is a stone staircase leading up here.
Unknown command.
You are engulfed in a cloud of scalding steam.
You die...

#..##.....##
##........## #
#########........##
#.
#......#..##.#.###
...
#........###..##
....
..........###.#
.!..
...........##..
....
....(....§.###.#
... #......D@.§§#
.. #.......[§§§#
#.# ...........§#
.. ###.........#
#..........#
#..........#
#.##......## #.
##.....#


You could see a steam dragon (poisoned, catching breath).

Vanquished Creatures
  Sigmund (D:2)
  A water moccasin (D:6)
  An orc warrior (D:8)
  A sky beast (D:5)
  An ogre (D:4)
  A phantom (D:5)
  A gnoll sergeant (D:6)
  A scorpion (D:3)
  A wyvern skeleton (D:4)
  5 wights (D:6)
  3 howler monkeys (D:8)
  An electric eel (D:8)
  2 centaur zombies
  A hound (D:4)
  3 orc priests (D:4)
  A gnoll shaman (D:4)
  A centaur skeleton (D:4)
  An iguana (D:5)
  Terence (D:3)
  3 orc wizards
  A killer bee zombie (D:8)
  A hound skeleton (D:4)
  Robin (D:2)
  7 gnolls
  7 adders
  An ufetubus (D:5)
  A worm (D:2)
  A dart slug (D:5)
  26 orcs
  13 ball pythons
  11 endoplasms
  4 giant cockroaches
  17 goblins
  14 hobgoblins
  10 jackals
  6 quokkas
  4 bats
  4 frilled lizards
  6 kobolds
  5 rats
171 creatures vanquished.

Vanquished Creatures (collateral kills)
  An orc priest (D:8)
1 creature vanquished.

Vanquished Creatures (others)
  4 fungi (D:1)
4 creatures vanquished.

Grand Total: 176 creatures vanquished

Notes
Turn   | Place    | Note
-------+----------+-------------------------------------------
     0 | D:1      | HAL9000 the Vine Stalker Brigand began the quest for the
                  | Orb.
     0 | D:1      | Reached XP level 1. HP: 11/11 MP: 2/2
    49 | D:1      | Reached skill level 5 in Stealth
   279 | D:1      | Reached XP level 2. HP: 15/15 MP: 3/3
   812 | D:1      | Reached XP level 3. HP: 18/18 MP: 4/4
  1396 | D:2      | Noticed Sigmund
  1399 | D:2      | Killed Sigmund
  1400 | D:2      | Gained mutation: Your natural rate of healing is unusually
                  | fast. [Vine Stalker growth]
  1400 | D:2      | Reached XP level 4. HP: 12/23 MP: 2/5
  1400 | D:2      | Reached XP level 5. HP: 14/26 MP: 2/6
  1448 | D:2      | Reached XP level 6. HP: 30/30 MP: 7/7
  1553 | D:2      | Noticed Robin
  1585 | D:2      | Killed Robin
  1613 | D:2      | Found a snail-covered altar of Cheibriados.
  1735 | D:2      | Found Naih Sionefo's Distillery.
  2358 | D:3      | Found Gyoth's Armour Emporium.
  2669 | D:3      | Noticed Terence
  2672 | D:3      | Killed Terence
  2711 | D:3      | Found a faded altar of an unknown god.
  3029 | D:4      | Reached XP level 7. HP: 34/34 MP: 8/8
  3080 | D:4      | Found a staircase to the Ecumenical Temple.
  3208 | D:4      | Reached skill level 5 in Short Blades
  3442 | D:4      | Found an ancient bone altar of Kikubaaqudgha.
  3561 | D:4      | Found a shadowy altar of Dithmenos.
  3600 | D:4      | Became a worshipper of Dithmenos the Shadowed
  3771 | D:5      | Entered Level 5 of the Dungeon
  3917 | D:5      | Gained mutation: You have razor-sharp teeth. [Vine Stalker
                  | growth]
  3917 | D:5      | Reached XP level 8. HP: 36/38 MP: 9/9
  4471 | D:5      | Found Juemyxuny's Weapon Emporium.
  4674 | D:6      | Found a shimmering blue altar of Sif Muna.
  4678 | D:6      | Found a white marble altar of Elyvilon.
  4679 | D:6      | Found a broken altar of Ashenzari.
  4720 | D:6      | Found an ornate altar of the Wu Jian Council.
  4723 | D:6      | Found a blossoming altar of Fedhas.
  4794 | D:6      | Reached * piety under Dithmenos
  5106 | D:6      | You fall into a shaft and drop 2 floors!
  5203 | D:8      | Reached XP level 9. HP: 21/42 MP: 5/10
  5354 | D:8      | Engulfed by a steam dragon's steam

Illustrated notes

Levels and vault maps discovered:
D:1:      scummos_arrival_gate, layout_loops_corners, minmay_shallow_snake_nest
D:2:      layout_loops_ring, serial_shops, nicolae_shop_trees,
          minmay_hexomino_r4, uniq_robin, uniq_sigmund
D:3:      minmay_wonky_spiral, layout_loops_ring, serial_shops, shop,
          hellmonk_ecumenical_altar_prayer_group, uniq_terence
D:4:      layout_basic, lemuel_doored_altar, lemuel_round_altar,
          minmay_temple_entry_statues_fountains, grunt_decor_mini_mirrors
D:5:      layout_basic, serial_shops, nicolae_take_the_stairs
D:6:      layout_layer_cave, minmay_overflow_temple_star_hex
D:8:      minmay_gate_of_8, layout_cave_pods, general_overflow_altar,
          nicolae_transmutations_shop, water_maze_lemuel

Skill      XL: |  1  2  3  4  5  6  7  8  9 |
---------------+----------------------------+-----
Stealth        | 5 6 9 |  9.2
Short Blades   | 4 6 8 9 |  9.2
Fighting       | |  1.7
Throwing       | |  1.7
Dodging        | |  0.7

Action                   |  1- 3 |  4- 6 |  7- 9 || total
-------------------------+-------+-------+-------++-------
Melee: Dagger            |    69 |   187 |   287 ||   543
       Bite              |    15 |    53 |    92 ||   160
Throw: Dart              |     4 |     1 |    15 ||    20
Evoke: Wand              |       |       |     1 ||     1
  Use: Scroll            |       |       |    13 ||    13
 Stab: Sleeping          |    17 |    20 |    11 ||    48
       Distracted        |       |     1 |     1 ||     2
Armor: Robe              |    17 |    48 |    17 ||    82
       Leather armour    |       |       |    40 ||    40
Dodge: Dodged            |    23 |    99 |   133 ||   255

Table legend: (Time is in decaauts)
 A = Elapsed time spent in this place.
 B = Non-inter-level travel time spent in this place.
 C = Inter-level travel time spent in this place.
 D = Time resting spent in this place.
 E = Time spent auto-exploring this place.
 F = Levels seen in this place.
 G = Mean time per level.
                   A        B        C        D        E       F      G
               +--------+--------+--------+--------+--------+-----+--------+
         Total |   5221 |   5085 |    136 |    286 |   3592 |   7 |  745.9 |
       Dungeon |   5221 |   5085 |    136 |    286 |   3592 |   7 |  745.9 |
               +--------+--------+--------+--------+--------+-----+--------+

Top non-repeatable levels by time:
     D:1: 1294 daAuts
     D:4: 882 daAuts
     D:2: 809 daAuts
     D:5: 769 daAuts
     D:3: 746 daAuts
     D:6: 501 daAuts
     D:8: 217 daAuts
